 Seeded DCSS version 0.27.1-34-g3ba077fa99 (webtiles) character file.

Game seed: 958739 (custom seed)

107 lonewolfV2 the Covered (level 4, -4/41 HPs)
             Began as a Minotaur Fighter on Jan 6, 2022.
             Slain by a sky beast (6 damage)
             ... on level 3 of the Dungeon.
             The game lasted 00:02:34 (1968 turns).

lonewolfV2 the Covered (Minotaur Fighter)           Turns: 1968, Time: 00:02:36

Health: -4/41      AC:  7    Str: 21    XL:     4   Next: 57%
Magic:  3/3        EV:  7    Int:  5    God:
Gold:   45         SH:  9    Dex: 10    Spells: 3/3 levels left

rFire    . . .     SeeInvis .   e - +2 hand axe (freeze)
rCold    . . .     Faith    .   c - +0 kite shield
rNeg     . . .     Spirit   .   b - +0 scale mail
rPois    .         Reflect  .   (helmet restricted)
rElec    .         Harm     .   (no cloak)
rCorr    +         Rampage  .   (no gloves)
Will     .....                  (no boots)
Stlth    ..........             (no amulet)
HPRegen  0.13/turn              i - ring of resist corrosion
MPRegen  0.08/turn              (no ring)

@: no status effects
A: horns 2, retaliatory headbutt
a: no special abilities


You were on level 3 of the Dungeon.
You visited 1 branch of the dungeon, and saw 3 of its levels.

You collected 45 gold pieces.

Inventory:

Hand Weapons
 a - a +0 war axe
 e - a +2 hand axe of freezing (weapon)
Armour
 b - a +0 scale mail (worn)
 c - a +0 kite shield (worn)
Jewellery
 i - a ring of resist corrosion (left hand)
Scrolls
 g - a scroll of teleportation
Potions
 d - a potion of might
 f - a potion of curing {unknown}
 k - a potion of berserk rage


   Skills:
 + Level 4.4 Fighting
 + Level 3.6 Axes
 + Level 4.5 Armour
 + Level 0.3 Dodging
 + Level 4.3 Shields


You had 3 spell levels left.
You didn't know any spells.
Your spell library was empty.

Dungeon Overview and Level Annotations

Branches:
Dungeon (3/15)

Altars:
Uskayaw


Innate Abilities, Weirdness & Mutations

You have a pair of horns on your head.
You reflexively headbutt those who attack you in melee.


Message History

Found a hide-covered altar of Uskayaw.
Found 19 bolts.
An endoplasm, a sky beast and a goblin come into view.
Found 16 gold pieces.
The goblin shouts!
The endoplasm quivers.
There are monsters nearby!
You hit the endoplasm. You freeze the endoplasm.
You kill the endoplasm!
The goblin unwields a +0 dagger.
The goblin wields a +0 hunting sling.
The goblin shoots a stone.
You block the stone.
The sky beast flickers out of sight!
Deactivating autopickup; reactivate with Ctrl-A.
The goblin shoots a stone.
The stone hits you.
The goblin unwields a +0 hunting sling.
The goblin wields a +0 dagger.
You block the goblin's attack.
You hit the goblin. You freeze the goblin.
You kill the goblin!
Something hits you but does no damage.
You closely miss something. Something hits you but does no damage.
You miss something. Your headbutt misses something. Something hits you.
Something shocks you. Something hits you. Something shocks you.
You miss something. Something hits you but does no damage.
You hit something. You freeze something. You headbutt something.
Something hits you but does no damage.
You barely miss something. Something hits you. Something shocks you.
Something hits you but does no damage.
You miss something. Your headbutt misses something.
Something hits you but does no damage.
You slash something! You freeze something. Something hits you.
* * * LOW HITPOINT WARNING * * *
Something shocks you.
* * * LOW HITPOINT WARNING * * *
You closely miss something. You block something's attack.
A sky beast appears from thin air!
Reactivating autopickup.
The sky beast hits you.
* * * LOW HITPOINT WARNING * * *
The sky beast shocks you.
You die...

#. ## .. .# ... .#
.. (.### #... <#
.##.#.$ #... .#
...#.##.. .#
..#Y#.# .### #.#@.#
.[.# # #.#..# .#.#
#.###....# .#.#
#.......## .#.#
####..###
...#########...####
..................+
.###########...####
.##### ##..#


You could see a sky beast.

Vanquished Creatures
  A jelly (D:2)
  An adder (D:2)
  A worm (D:2)
  4 orcs (D:3)
  4 ball pythons
  5 endoplasms
  3 giant cockroaches
  7 goblins
  7 hobgoblins (D:2)
  2 jackals (D:1)
  3 quokkas
  4 bats
  4 frilled lizards
  4 kobolds
  5 rats
55 creatures vanquished.

Notes
Turn   | Place    | Note
-------+----------+-------------------------------------------
     0 | D:1      | lonewolfV2 the Minotaur Fighter began the quest for the
                  | Orb.
     0 | D:1      | Reached XP level 1. HP: 19/19 MP: 0/0
   288 | D:1      | Reached XP level 2. HP: 27/27 MP: 1/1
   806 | D:2      | Reached XP level 3. HP: 31/33 MP: 2/2
   910 | D:2      | Reached XP level 4. HP: 35/40 MP: 3/3
  1917 | D:3      | Found a hide-covered altar of Uskayaw.
  1955 | D:3      | Noticed a sky beast
  1968 | D:3      | HP: 2/41 [sky beast (4)]
  1968 | D:3      | Slain by a sky beast

Illustrated notes

Levels and vault maps discovered:
D:1:      minmay_arrival_split_and_join, layout_loops_ring
D:2:      layout_basic
D:3:      layout_loops_corners, general_overflow_altar, serial_park_tiny_2,
          minmay_cut_off

Skill      XL: |  1  2  3 |
---------------+----------+-----
Fighting       | 4 |  4.4
Shields        | 4 |  4.3
Armour         | 4 |  4.5
Axes           | 3 |  3.6
Dodging        | |  0.3

Action                   |  1- 3 |  4- 6 || total
-------------------------+-------+-------++-------
Melee: Hand axe          |    37 |    57 ||    94
       War axe           |     3 |       ||     3
       Headbutt          |     5 |     5 ||    10
  Use: Scroll            |     2 |     1 ||     3
       Potion            |       |     3 ||     3
Armor: Scale mail        |    16 |    26 ||    42
Dodge: Dodged            |    10 |    14 ||    24
Block: Kite shield       |    21 |    25 ||    46
